 Dungeon Crawl Stone Soup version 0.31-a0-240-gb923e448b6 (webtiles) character file.

Game seed: 4209218372860401978

133 qw the Shooter (level 4, 0/36 HPs)
             Began as a Minotaur Hexslinger on July 12, 2023.
             Slain by an iguana (10 damage)
             ... on level 3 of the Dungeon.
             The game lasted 00:00:50 (2689 turns).

qw the Shooter (Minotaur Hexslinger)                Turns: 2689, Time: 00:00:50

Health: 0/36       AC:  7    Str: 13    XL:     4   Next: 93%
Magic:  4/4        EV: 11    Int: 10    God:
Gold:   105        SH:  0    Dex: 14    Spells: 4/5 levels left

rFire   . . .        Y - +1 sling
rCold   . . .        (no shield)
rNeg    + . .        f - +0 ring mail
rPois   .            (helmet restricted)
rElec   .            (no cloak)
rCorr   .            d - +1 pair of gloves
SInv    .            (no boots)
Will    .....        a - amulet of regeneration
Stlth   +            k - ring of positive energy
HPRegen 1.06/turn    (no ring)
MPRegen 0.09/turn

%: no passive effects
@: about to teleport
A: horns 2, retaliatory headbutt
a: no special abilities


You were on level 3 of the Dungeon.
You visited 1 branch of the dungeon, and saw 4 of its levels.

You collected 105 gold pieces.


Innate Abilities, Weirdness & Mutations

You have a pair of horns on your head.
You reflexively headbutt those who attack you in melee.


   Skills:
 + Level 2.1 Fighting
 - Level 5.0 Ranged Weapons
 - Level 2.1 Armour
 - Level 2.1 Dodging
 - Level 1.0 Spellcasting
 - Level 2.0 Hexes


You had 4 spell levels left.
You knew the following spells:

 Your Spells              Type           Power      Damage    Failure   Level
a - Slow                  Hex            16%        N/A       32%         1

Your spell library contained the following spells:

 Spells                   Type           Power      Damage    Failure   Level
 Inner Flame              Hex/Fire       2%         N/A       82%         3
 Portal Projectile        Hex/Tloc       4%         N/A       82%         3
 Cause Fear               Hex            2%         N/A       97%         4

Inventory:

Hand Weapons
 Y - a +1 sling (weapon)
Armour
 d - a +1 pair of gloves (worn)
 f - a +0 ring mail (worn)
Jewellery
 a - an amulet of regeneration (around neck)
 k - a ring of positive energy (left hand)
Potions
 b - a potion of curing
 c - a potion of enlightenment {unknown}
 e - a potion of might {unknown}
 g - a potion of ambrosia {unknown}
 j - a potion of haste

Dungeon Overview and Level Annotations

Branches:
Dungeon (4/15)
 Temple: D:4-7

Altars:

Shops:
D:2 [


Message History

Waypoint 3 assigned to D:4.
You shoot a sling bullet.
The sling bullet hits the iguana but does no damage.
The iguana bites you.
You shoot a sling bullet. The sling bullet hits the iguana.
The iguana is lightly wounded.
The iguana bites you.
2683 ||| STAIRDANCE The iguana bites you!
You climb upwards.
There is a stone staircase leading down here.
Enter note:
Enter note:
Enter note:
Enter note:
Enter note:
Enter note:
Enter note:
Enter note:
Enter note: You shoot a sling bullet.
The sling bullet hits the iguana.
The iguana is moderately wounded.
The iguana bites you!
You shoot a sling bullet.
The sling bullet hits the iguana but does no damage.
The iguana is moderately wounded.
The iguana bites you but does no damage.
The iguana completely misses you. You furiously retaliate!
You headbutt the iguana. You shoot a sling bullet.
The sling bullet hits the iguana but does no damage.
The iguana is moderately wounded.
The iguana bites you!
2688 ||| READING scroll of teleportation.
As you read the scroll of teleportation, it crumbles to dust.
You feel strangely unstable. The iguana barely misses you.
You furiously retaliate!
You headbutt the iguana. You shoot a sling bullet.
The sling bullet closely misses the iguana.
The iguana bites you!
You die...

#.# #.........##..###.# ##'##
#..#####....>.....# ##...## #..#
#.###.###### #.....##
#..#####......[## .......##
##.....##.###.#..## #
........####..<##.##.###.#...####
......%.'.......................'
........####.........###......###
.......## ##...@....# ###..#.# #
#.....## #.###l#..#####.##.#
##...########.#...#........##.#
##'#.......#.......#########.#
#.#.#####.###.##### #.#
###.#.#####.# #.# #.###
..........#.# #.# #.#..
.#....###.#.# #.# #.#.# ......#
#.#.# #.# #.#.#


You could see an iguana.

Vanquished Creatures
  A hound (D:3)
  Jessica (D:2)
  2 adders (D:2)
  A worm (D:3)
  2 dart slugs (D:3)
  2 orcs (D:3)
  6 bats
  4 endoplasms
  2 giant cockroaches (D:1)
  6 goblins
  3 hobgoblins
  4 jackals (D:2)
  2 quokkas
  2 ball pythons (D:3)
  2 frilled lizards (D:1)
  2 kobolds
  9 rats
51 creatures vanquished.

Notes
Turn   | Place    | Note
-------+----------+-------------------------------------------
     0 | D:1      | qw the Minotaur Hexslinger began the quest for the Orb.
     0 | D:1      | Reached XP level 1. HP: 16/16 MP: 1/1
     0 | D:1      | 0 ||| qw: Version: 0.3-a-52-g30416fa
     0 | D:1      | 0 ||| qw: Game counter: 6149
     0 | D:1      | 0 ||| qw: Melee chars always use a shield: true
     0 | D:1      | 0 ||| qw: God list: Okawaru
     0 | D:1      | 0 ||| qw: Allow faded altars: false
     0 | D:1      | 0 ||| qw: Do Orc after clearing Dungeon:15 true
     0 | D:1      | 0 ||| qw: Do second Lair branch before Depths: true
     0 | D:1      | 0 ||| qw: Lair rune preference: random
     0 | D:1      | 0 ||| qw: Goals: Normal
     0 | D:1      | 0 ||| PLANNING D:1-11
    14 | D:1      | Found a faded altar of an unknown god.
   177 | D:1      | Reached skill level 3 in Ranged Weapons
   177 | D:1      | Reached XP level 2. HP: 23/23 MP: 2/2
   942 | D:1      | 942 ||| UPGRADING to +0 pair of gloves.
   947 | D:1      | 947 ||| UPGRADING to +0 ring mail.
   957 | D:1      | 957 ||| DROPPING +0 robe.
   958 | D:1      | 958 ||| READING scroll labelled RIN HIKUKHETTOROU.
   959 | D:1      | 959 ||| READING scroll labelled NIXEUZ VOPNENKE.
   960 | D:1      | 960 ||| READING scroll labelled KENOTTEOSUI.
   961 | D:1      | 961 ||| READING scroll labelled WAIPPU SIT ROA.
   965 | D:1      | 965 ||| READING scroll labelled ETSOAV ARO SYL.
   966 | D:1      | 966 ||| READING scroll labelled OQEJYI BAJAE.
   966 | D:1      | Identified a scroll of acquirement
   966 | D:1      | 966 ||| ACQUIRING amulet of regeneration
   966 | D:1      | Acquired an amulet of regeneration
   968 | D:1      | 968 ||| UPGRADING to amulet of regeneration.
   973 | D:1      | 973 ||| DRINKING 2 green potions.
   974 | D:1      | 974 ||| DROPPING scroll of poison.
  1024 | D:2      | Reached XP level 3. HP: 29/29 MP: 3/3
  1496 | D:2      | Reached skill level 4 in Ranged Weapons
  1581 | D:2      | Found Telidifa's Antique Armour Shoppe.
  1589 | D:2      | 1589 ||| SHOPLISTING glowing cloak (157 gold, have 66).
  1589 | D:2      | 1589 ||| SHOPLISTING pair of boots (94 gold, have 66).
  1605 | D:2      | Noticed Jessica
  1610 | D:2      | Killed Jessica
  1611 | D:2      | Reached XP level 4. HP: 36/36 MP: 4/4
  1835 | D:2      | 1835 ||| DRINKING 2 purple potions.
  2073 | D:3      | 2073 ||| READING scroll of enchant armour.
  2073 | D:3      | 2073 ||| ENCHANTING +0 pair of gloves.
  2445 | D:3      | Reached skill level 5 in Ranged Weapons
  2602 | D:3      | 2602 ||| UPGRADING to ring of positive energy.
  2603 | D:3      | 2603 ||| READING scroll labelled XIRARGHEXZA.
  2604 | D:3      | 2604 ||| DRINKING 2 fizzy purple potions.
  2637 | D:3      | 2637 ||| DROPPING potion of lignification.
  2683 | D:4      | 2683 ||| STAIRDANCE
  2687 | D:3      | HP: 8/36 [iguana (8)]
  2688 | D:3      | 2688 ||| READING scroll of teleportation.
  2689 | D:3      | Slain by an iguana

Levels and vault maps discovered:
D:1:      minmay_arrival_three_doors, layout_basic,
          dreamdust_ecumenical_altar_grove
D:2:      layout_basic, serial_shops, nicolae_shop_tiny_real_fake_doors,
          serial_curves, eino_curves_04, eino_curves_03, uniq_jessica
D:3:      layout_loops_corners
D:4:      layout_loops_ring, minmay_temple_entry_offerings,
          ebering_ghost_rock_garden, dreamdust_gnoll_farm, uniq_sigmund

Skill      XL: |  1  2  3  4 |
---------------+-------------+-----
Ranged Weapons | 3 4 5 |  5.0
Fighting       | 2 |  2.1
Armour         | 2 |  2.1
Dodging        | |  2.1
Spellcasting   | |  1.0
Hexes          | |  2.0

Action                     |  1- 3 |  4- 6 || total
---------------------------+-------+-------++-------
   Fire: Sling             |    99 |    70 ||   169
    Use: Scroll            |     6 |     3 ||     9
         Potion            |     1 |     2 ||     3
 Armour: Robe              |     5 |       ||     5
         Ring mail         |     5 |    13 ||    18
  Dodge: Dodged            |    26 |    24 ||    50

Table legend:
 A = Non-vault XP
 B = Vault XP
 C = Vault XP percentage of total XP
 D = Non-vault monster count
 E = Vault monster count
 F = Vault count percentage of total count
                 A         B        C        D         E       F
            +---------+---------+-------+---------+---------+-------
      Total |     153 |      37 |  19.5 |      50 |       1 |   2.0
            +---------+---------+-------+---------+---------+-------
        D:1 |      27 |       0 |   0.0 |      18 |       0 |   0.0
        D:2 |      51 |      37 |  42.0 |      16 |       1 |   5.9
        D:3 |      75 |       0 |   0.0 |      16 |       0 |   0.0
            +---------+---------+-------+---------+---------+-------
